 Dungeon Crawl Stone Soup version 0.28.0-43-g3370ac3207 (webtiles) character file.

Game seed: 15732327612527575872

108 crimpus the Magician (level 5, -7/40 HPs)
             Began as a Djinni Cinder Acolyte on Mar 27, 2022.
             Was a High Priest of Ignis.
             Killed from afar by an orc wizard (9 damage)
             ... with a magic dart
             ... on level 3 of the Dungeon.
             The game lasted 00:04:25 (3065 turns).

crimpus the Magician (Djinni Cinder Acolyte)        Turns: 3065, Time: 00:04:26

Health: -7/40      AC:  3    Str: 13    XL:     5   Next: 12%
Gold:   119        EV: 11    Int: 17    God:    Ignis [*****.] SH:  0 Dex:  9

rFire   + + +      SeeInvis .     - Unarmed
rCold   x . .      Faith    .   (no shield)
rNeg    . . .      Spirit   .   i - +0 leather armour
rPois   ∞          Reflect  .   (no helmet)
rElec   .          Harm     .   (no cloak)
rCorr   .          Rampage  .   (no gloves)
Will    .....                   (boots unavailable)
Stlth   +.........              (no amulet)
HPRegen 0.13/turn               (no ring)
MPRegen 0.00/turn               (no ring)

@: flying
A: sickness immunity, fire resistance 2, cold vulnerability 1, float, innate
caster, HP casting, extra vitality 1
a: Renounce Religion, Fiery Armour, Foxfire Swarm, Rising Flame


You were on level 3 of the Dungeon.
You worshipped Ignis.
Ignis was extremely pleased with you.
You visited 1 branch of the dungeon, and saw 3 of its levels.

You collected 119 gold pieces.

Inventory:

Hand Weapons
 b - a +2 whip of flaming
Armour
 a - a +0 robe
 i - a +0 leather armour (worn)
Jewellery
 j - an amulet of reflection
Scrolls
 c - 4 scrolls of identify {unknown}
 d - 2 scrolls of fog {unknown}
 g - a scroll of vulnerability {unknown}
Potions
 e - a potion of heal wounds {unknown}
 f - a potion of lignification {unknown}
 h - a potion of ambrosia {unknown}
 k - a potion of magic


   Skills:
 * Level 3.5 Fighting
 * Level 0.1 Armour
 * Level 1.2 Dodging
 * Level 1.0 Stealth
 - Level 3.0 Unarmed Combat
 * Level 3.6 Spellcasting


You had 6 spell levels left.
You knew the following spells:

 Your Spells              Type           Power      Damage    Failure   Level
a - Scorch                Fire           30%        2d6       7%          2
b - Freeze                Ice            60%        1d8       4%          1
c - Searing Ray           Conj           30%        2d5       7%          2
Your spell library was empty.

Dungeon Overview and Level Annotations

Branches:
Dungeon (3/15)

Altars:


Innate Abilities, Weirdness & Mutations

You are immune to sickness and miasma.
You are immune to poison.
Your flesh is very heat resistant. (rF++)
You are vulnerable to cold. (rC-)
You float through the air rather than walking.
You learn spells naturally, not from books.
Your magical power is your life essence.
You have superior vitality. (+4 MHP)


Message History

You are confused.
You bump into the rock wall.
The orc wizard gestures at you while chanting.
The magic dart hits you!
* * * LOW HITPOINT WARNING * * *
The orc wizard casts a spell at you. The magic dart hits you.
* * * LOW HITPOINT WARNING * * *
You bump into the rock wall.
You bump into the rock wall.
You bump into the rock wall.
You feel less confused.
The orc wizard mumbles some strange words.
The orc wizard flickers and vanishes!
Deactivating autopickup; reactivate with Ctrl-A.
Your magical contamination has completely faded away.
The orc wizard gestures at you while chanting.
The puff of flame hits something.
Reactivating autopickup.
You feel a bit more experienced.
Your Stealth skill increases to level 1!
You have reached level 5!
The power to cast Searing Ray wells up from within.
Spell assigned to 'c'.
Casting: Scorch (safe; 7% risk of failure)
Confirm with . or Enter, or press ? or * to list all spells.
Okay, then.
It was a potion of magic.
Magic washes over you without effect.
The orc wizard gestures at you while chanting.
The puff of flame hits you. You resist.
* * * LOW HITPOINT WARNING * * *
The orc wizard points at you and mumbles some strange words.
The puff of flame hits you. You resist.
* * * LOW HITPOINT WARNING * * *
The orc wizard mumbles some strange words.
The orc wizard flickers and vanishes!
Deactivating autopickup; reactivate with Ctrl-A.
The orc wizard casts a spell at you. The magic dart hits you!
You die...

#.....#
###.### #{#
#o# #.# #.#
#.#
#o##########
#......@..<#
############


You could see an orc wizard.

Vanquished Creatures
  Terence (D:2)
  2 adders (D:2)
  2 worms (D:2)
  3 endoplasms
  3 giant cockroaches
  8 goblins
  4 hobgoblins
  3 jackals (D:2)
  3 quokkas (D:1)
  A bat (D:2)
  3 frilled lizards
  4 kobolds (D:1)
  A rat (D:2)
38 creatures vanquished.

Vanquished Creatures (others)
  An orc wizard (D:3)
1 creature vanquished.

Grand Total: 39 creatures vanquished

Notes
Turn   | Place    | Note
-------+----------+-------------------------------------------
     0 | D:1      | crimpus the Djinni Cinder Acolyte began the quest for the
                  | Orb.
     0 | D:1      | Reached XP level 1. HP: 20/20 MP: 0/0
   117 | D:1      | Reached XP level 2. HP: 12/25 MP: 0/0
   820 | D:1      | Reached XP level 3. HP: 22/30 MP: 0/0
   820 | D:1      | Learned a level 1 spell: Freeze
  1553 | D:2      | Noticed Terence
  1553 | D:2      | Found a faded altar of an unknown god.
  1561 | D:2      | Killed Terence
  1562 | D:2      | Reached skill level 1 in Dodging
  1562 | D:2      | Reached XP level 4. HP: 23/35 MP: 0/0
  3057 | D:3      | Reached skill level 1 in Stealth
  3057 | D:3      | Reached XP level 5. HP: 3/40 MP: 0/0
  3057 | D:3      | Learned a level 2 spell: Searing Ray
  3060 | D:3      | HP: 1/40 [orc wizard/puff of flame (2)]
  3065 | D:3      | Killed from afar by an orc wizard

Illustrated notes

Levels and vault maps discovered:
D:1:      ncdulo_lavacross, layout_basic, serial_forest,
          infiniplex_forest_lined_2, infiniplex_forest_clump_medium,
          infiniplex_forest_lined_3, infiniplex_forest_clump_cross,
          infiniplex_forest_clump_small, infiniplex_forest_straight_1,
          infiniplex_forest_lined_corner, infiniplex_forest_straight_3,
          kennysheep_crisscross, minivault_27, minmay_misc_feat_square
D:2:      layout_loops_corners, nicolae_ecumenical_pavilion, uniq_terence
D:3:      layout_basic, uniq_robin

Skill      XL: |  1  2  3  4 |
---------------+-------------+-----
Dodging        | 1 |  1.2
Spellcasting   | 3 |  3.6
Stealth        | 1 |  1.0
Fighting       | |  3.5
Armour         | |  0.1
Unarmed Combat | |  3.0

Action                   |  1- 3 |  4- 6 || total
-------------------------+-------+-------++-------
Melee: Unarmed           |    19 |       ||    19
 Cast: Scorch            |    21 |    25 ||    46
       Freeze            |     3 |       ||     3
Invok: Fiery Armour      |     1 |       ||     1
  Use: Potion            |       |     1 ||     1
Armor: Robe              |     5 |       ||     5
Dodge: Dodged            |    15 |     3 ||    18
